 Dungeon Crawl Stone Soup version 0.29-a0-620-g13ace881f2 (webtiles) character file.

Game seed: 10701898177447661375

26595 xian the Cleaver (level 12, -2/106 HPs)
             Began as a Pale Draconian Fighter on June 18, 2022.
             Was a Believer of Wu Jian.
             Slain by a large abomination (28 damage)
             ... on level 2 of the Abyss.
             The game lasted 01:01:11 (15118 turns).

xian the Cleaver (Pale Draconian Fighter)          Turns: 15118, Time: 01:01:11

Health: -2/106     AC: 13    Str: 31    XL:     12   Next: 99%
Magic:  12/12      EV: 16    Int:  9    God:    Wu Jian [**....]
Gold:   2098       SH:  0    Dex: 13    Spells: 9/11 levels left

rFire   + . .      SeeInvis .   P - +10 battleaxe of Neihuy Myco {elec, *Noise rN+ rCorr Str+3}
rCold   . . .      Faith    .   (shield currently unavailable)
rNeg    + + +      Spirit   .   (body armour unavailable)
rPois   +          Reflect  .   R - +0 hat
rElec   .          Harm     .   i - +2 cloak
rCorr   +          Rampage  .   v - +0 pair of fencer's gloves {Riposte Dex+3}
Will    .....                   B - +0 pair of boots of Bedevilment {rPois rF+ rN++ Int-2}
Stlth   +++.......              x - amulet of the acrobat
HPRegen 0.27/turn               A - +6 ring of strength
MPRegen 0.13/turn               T - ring of wizardry

@: no status effects
A: breathe steam, AC +8, unfitting armour, cold-blooded, steam resistance
a: Breathe Steam, Renounce Religion, Wall Jump


You were on level 2 of the Abyss.
You worshipped Wu Jian.
Wu Jian was pleased with you.
You visited 2 branches of the dungeon, and saw 15 of its levels.
You visited the Abyss 1 time.

You collected 2146 gold pieces.
You spent 48 gold pieces at shops.

Inventory:

Hand Weapons
 J - the +9 shortbow "Raol" {venom, Int+5}
   (You found it on level 10 of the Dungeon)

   Any ammunition fired from it poisons the flesh of those it strikes.
   Int:       It affects your intelligence (+5).
 P - the +10 battleaxe of Neihuy Myco (weapon) {elec, *Noise rN+ rCorr Str+3}
   (You found it on level 9 of the Dungeon)

   It occasionally discharges a powerful burst of electricity upon striking a
   foe.
   Str:       It affects your strength (+3).
   rN:        It protects you from negative energy.
   *Noise:    It may make noises in combat.
   rCorr:     It protects you from acid and corrosion.
 V - the +2 mace "Rodal" {vorpal, Int+2}
   (You found it on level 11 of the Dungeon)

   It inflicts extra damage upon your enemies.
   Int:       It affects your intelligence (+2).
Missiles
 a - 4 throwing nets
 j - 12 curare-tipped darts
 l - 16 poisoned darts (quivered)
 q - 8 boomerangs
 F - 14 javelins
 I - 4 atropa-tipped darts
 U - 6 silver javelins
Armour
 b - a +0 buckler
 i - a +2 cloak (worn)
 v - the +0 pair of fencer's gloves (worn) {Riposte Dex+3}
   (You acquired it on level 5 of the Dungeon)

   It allows the wearer to riposte with melee weapons, swiftly retaliating
   against missed or blocked attacks.
   Dex:       It affects your dexterity (+3).
 B - the +0 pair of boots of Bedevilment (worn) {rPois rF+ rN++ Int-2}
   (You found it on level 5 of the Dungeon)

   Int:       It affects your intelligence (-2).
   rF:        It protects you from fire.
   rPois:     It protects you from poison.
   rN:        It greatly protects you from negative energy.
 O - a +2 pair of boots
 R - a +0 hat (worn)
Jewellery
 c - a ring of flight
 x - an amulet of the acrobat (around neck)
 A - a +6 ring of strength (left hand)
 T - a ring of wizardry (right hand)
Wands
 d - a wand of light (1)
 z - a wand of iceblast (13)
 E - a wand of charming (19)
 K - a wand of flame (36)
Scrolls
 e - a scroll of poison
 f - 3 scrolls of enchant weapon
 t - 3 scrolls of magic mapping
 w - 7 scrolls of teleportation
 L - 3 scrolls of identify
 M - 4 scrolls of fog
 N - 2 scrolls of brand weapon
 Q - a scroll of fear
Potions
 g - 3 potions of attraction
 h - 5 potions of berserk rage
 k - 4 potions of flight
 m - 8 potions of curing
 n - 7 potions of haste
 o - 3 potions of mutation
 p - 2 potions of heal wounds
 r - a potion of cancellation
 s - 2 potions of lignification
 u - a potion of ambrosia
 C - a potion of might
 G - 2 potions of brilliance
 S - 3 potions of invisibility {unknown}


   Skills:
 + Level 9.7 Fighting
 + Level 8.2(8.4) Short Blades
 + Level 2.2(5.6) Long Blades
 + Level 12.8 Axes
 + Level 1.3 Bows
 + Level 0.2 Throwing
 + Level 10.2 Dodging
 + Level 6.1 Stealth
 + Level 6.9 Shields


You had 9 spell levels left.
You knew the following spells:

 Your Spells              Type           Power      Damage    Failure   Level
a - Poisonous Vapours     Pois/Air       0%         N/A       24%         2

Your spell library contained the following spells:

 Spells                   Type           Power      Damage    Failure   Level
 Corpse Rot               Necr/Pois/Air  0%         N/A       82%         4
 Fireball                 Conj/Fire      0%         3d3       98%         5
 Iskenderun's Battlesphe  Conj           0%         2d6       98%         5
 Conjure Ball Lightning   Conj/Air       0%         3x3d6     100%        6
 Orb of Destruction       Conj           0%         9d5       100%        7


Dungeon Overview and Level Annotations

Branches:
Dungeon (14/15)            Temple (1/1) D:6            Lair (0/6) D:8
    Orc (0/2) D:9
 Vaults: D:13-14

Altars:
Ashenzari
Cheibriados
Dithmenos
Elyvilon
Fedhas
Gozag
Hepliaklqana
Kikubaaqudgha
Makhleb
Nemelex Xobeh
Okawaru
Qazlal
Ru
Sif Muna
Trog
Uskayaw
Vehumet
Wu Jian
Xom
Yredelemnul
Zin
The Shining One

Shops:
D:5 (   D:6 *   D:7 [   D:8 *   D:9 [


Innate Abilities, Weirdness & Mutations

You can breathe blasts of scalding, opaque steam.
Your pale cyan-grey scales are hard. (AC +8)
You cannot fit into any form of body armour.
You are cold-blooded and may be slowed by cold attacks.
You are immune to the effects of steam.


Message History

The thrashing horror tramples you!
* * * LOW HITPOINT WARNING * * *
You stumble backwards!
You barely miss the thrashing horror.
The thrashing horror is almost destroyed.
You hit the large abomination but do no damage.
The thrashing horror tramples you but does no damage. x2
You closely miss the thrashing horror.
You tail-slap the thrashing horror, but do no damage.
The thrashing horror is almost destroyed.
You slash the large abomination! The thrashing horror barely misses you.
You riposte.
You slash the thrashing horror!
You destroy the thrashing horror!
That felt strangely unrewarding.
You hit the large abomination but do no damage.
You feel much better.
The large abomination completely misses you.
You riposte.
You hit the large abomination but do no damage.
The large abomination is lightly damaged.
As you read the scroll of fog, it crumbles to dust.
The scroll dissolves into smoke.
The large abomination barely misses you.
You riposte.
You hit the large abomination but do no damage.
You tail-slap the large abomination, but do no damage.
The large abomination is lightly damaged.
You hit the large abomination but do no damage.
Lightning courses through the large abomination!
You tail-slap the large abomination.
The large abomination is heavily damaged.
The large abomination hits you!
You hit the large abomination.
The large abomination is severely damaged.
The large abomination hits you!
* * * LOW HITPOINT WARNING * * *
You hit the large abomination.
The large abomination is severely damaged.
The large abomination hits you!!
You die...

. .#...###...
##.#......#.... #.
.... #.. . ......
.......#. #........
....#. .. ..
#......# # ..# . #
####..#.## # . #
##. #..
#....§§§§###...##
#...
#....§§§§§#.... ...
.. ... #
#§@§§.....§........
#.§§X§#.....
.......
#.§§§§###...### .#
. #...#.## ##.##
##.. .. ##.#...
#...# ... ##.... #.
..#... ##....
...... .... . .. ..
....#.. # . .###...


You could see a large abomination.

Vanquished Creatures
  A fire dragon (D:14)
  2 hydras (D:12)
  Harold (D:11)
  A boulder beetle (D:11)
  A centaur warrior (D:10)
  2 two-headed ogres
  Urug (D:11)
  2 tengu warriors
  2 thrashing horrors (Abyss:2)
  5 skeletal warriors (D:11)
  Amaemon (D:10)
  An ugly thing (D:13)
  3 cyclopes
  2 manticores (D:13)
  A guardian serpent (D:12)
  A gargoyle (D:12)
  An orange demon (D:10)
  An unseen horror (D:12)
  An unseen horror zombie (D:10)
  A freezing wraith (D:13)
  A tengu conjurer (D:11)
  Grinder (D:6)
  2 wraiths
  3 shadows
  26 yaks
  2 wyverns
  A basilisk (D:13)
  A basilisk (shapeshifter) (D:13)
  4 steam dragons
  9 vampire mosquitoes
  3 acid dragons
  5 orc warriors
  A sky beast (shapeshifter) (D:13)
  A black bear (D:6)
  A sky beast (D:8)
  5 centaurs
  A phantom (D:5)
  A kobold brigand (D:7)
  A gnoll sergeant (D:10)
  2 scorpions
  2 necrophages
  5 wights (D:9)
  An electric eel (D:10)
  5 howler monkeys
  A crimson imp (D:4)
  3 jellies
  3 lava snakes (D:9)
  9 centaur zombies (D:10)
  A hound (D:4)
  5 orc priests
  Jessica (D:2)
  3 iguanas
  Natasha (thrice) (D:2)
  13 orc wizards
  Robin (D:4)
  4 gnolls (D:10)
  11 adders
  2 white imps
  2 dart slugs
  37 orcs
  4 ball pythons
  7 bats
  5 endoplasms
  6 giant cockroaches
  13 hobgoblins
  12 jackals
  8 kobolds
  3 quokkas
  6 frilled lizards
  17 goblins
  4 rats
299 creatures vanquished.

Vanquished Creatures (others)
  An orc wizard (D:10)
  2 orcs (D:4)
  A bush (D:9)
4 creatures vanquished.

Grand Total: 303 creatures vanquished

Notes
Turn   | Place    | Note
-------+----------+-------------------------------------------
     0 | D:1      | xian the Draconian Fighter began the quest for the Orb.
     0 | D:1      | Reached XP level 1. HP: 19/19 MP: 1/1
   267 | D:1      | Reached XP level 2. HP: 25/26 MP: 2/2
   712 | D:1      | Reached XP level 3. HP: 33/33 MP: 3/3
  1167 | D:2      | Reached skill level 1 in Short Blades
  1173 | D:2      | Noticed Natasha
  1184 | D:2      | Killed Natasha
  1185 | D:2      | Reached XP level 4. HP: 26/40 MP: 2/4
  1229 | D:2      | Noticed Natasha
  1240 | D:2      | Killed Natasha
  1344 | D:2      | Noticed Jessica
  1355 | D:2      | Killed Jessica
  1356 | D:2      | Reached skill level 1 in Stealth
  1356 | D:2      | Reached XP level 5. HP: 30/46 MP: 3/5
  1358 | D:2      | Noticed Natasha
  1368 | D:2      | Killed Natasha
  1412 | D:2      | Found a faded altar of an unknown god.
  1971 | D:3      | Found a hazy altar of Hepliaklqana.
  1974 | D:3      | Found a faded altar of an unknown god.
  1982 | D:3      | Reached XP level 6. HP: 53/53 MP: 6/6
  2668 | D:4      | Noticed Robin
  2681 | D:4      | Killed Robin
  3126 | D:4      | Your scales start taking on a pale cyan-grey colour.
  3126 | D:4      | Reached XP level 7. HP: 59/60 MP: 5/7
  3126 | D:4      | Gained mutation: You are immune to the effects of steam.
                  | [Pale Draconian growth]
  3129 | D:4      | Found a broken altar of Ashenzari.
  3884 | D:5      | Entered Level 5 of the Dungeon
  3977 | D:5      | Found Onodown's Weapon Emporium.
  4018 | D:5      | Identified a scroll of acquirement
  4018 | D:5      | Acquired the +0 pair of fencer's gloves {Riposte Dex+3}
  4018 | D:5      | Found the +0 pair of fencer's gloves {Riposte Dex+3}
  4182 | D:5      | Identified the +0 pair of boots of Bedevilment {rPois rF+
                  | rN++ Int-2}
  4657 | D:5      | Reached skill level 5 in Dodging
  4957 | D:6      | Found a staircase to the Ecumenical Temple.
  4966 | D:6      | Reached skill level 5 in Fighting
  4997 | D:6      | Noticed a wraith
  5005 | D:6      | Killed a wraith
  5006 | D:6      | Reached XP level 8. HP: 68/68 MP: 8/8
  5007 | D:6      | Found an opulent altar of Gozag.
  5012 | D:6      | Found Cudutin's General Store.
  5017 | D:6      | Reached skill level 5 in Short Blades
  5098 | Temple   | Entered the Ecumenical Temple
  5439 | D:6      | Identified the +3 leather armour "Cuedung" {*Corrode rElec
                  | rC+++ Str+2}
  5541 | D:6      | Noticed Grinder
  5557 | D:6      | Killed Grinder
  5558 | D:6      | Reached skill level 5 in Shields
  6044 | D:7      | Found Ceur's Antique Armour Shop.
  6103 | D:7      | Found a glowing golden altar of the Shining One.
  6355 | D:7      | Found a snail-covered altar of Cheibriados.
  6395 | D:7      | Reached XP level 9. HP: 69/74 MP: 9/9
  6754 | D:8      | Found Waixkepu's Assorted Antiques.
  6757 | D:8      | Bought a scroll labelled RETAIXZIPU for 24 gold pieces
  6757 | D:8      | Bought a scroll labelled TEM HUHUEKH for 24 gold pieces
  6931 | D:8      | Found a staircase to the Lair.
  7833 | D:9      | Found an ornate altar of the Wu Jian Council.
  8043 | D:9      | Reached XP level 10. HP: 48/82 MP: 10/10
  8049 | D:9      | Reached skill level 5 in Stealth
  8469 | D:9      | Identified the +10 battleaxe of Neihuy Myco {elec, *Noise
                  | rN+ rCorr Str+3}
  8780 | D:9      | Found Fovvoam's Armour Shop.
  8809 | D:9      | Found a staircase to the Orcish Mines.
  8907 | D:9      | Found a snail-covered altar of Cheibriados.
  8930 | D:9      | Became a worshipper of the Wu Jian Council
  8973 | D:9      | Found a shimmering altar of Xom.
  8973 | D:9      | Found a bloodstained altar of Trog.
  8975 | D:9      | Found a sparkling altar of Nemelex Xobeh.
  8975 | D:9      | Found a hide-covered altar of Uskayaw.
  8975 | D:9      | Found an iron altar of Okawaru.
  9275 | D:10     | Entered Level 10 of the Dungeon
  9336 | D:10     | Reached skill level 1 in Axes
  9338 | D:10     | Reached skill level 2 in Axes
  9411 | D:10     | Noticed a centaur warrior
  9418 | D:10     | Killed a centaur warrior
  9419 | D:10     | Reached skill level 3 in Axes
  9486 | D:10     | Noticed an orange demon
  9513 | D:10     | Killed an orange demon
  9514 | D:10     | Reached skill level 4 in Axes
  9517 | D:10     | Noticed Amaemon
  9535 | D:10     | Killed Amaemon
  9536 | D:10     | Reached skill level 5 in Axes
  9914 | D:10     | Reached XP level 11. HP: 88/92 MP: 11/11
  9916 | D:10     | Reached skill level 6 in Axes
  9922 | D:10     | Reached skill level 7 in Axes
 10090 | D:10     | Found a basalt altar of Yredelemnul.
 10265 | D:10     | Reached * piety under Wu Jian
 10275 | D:10     | Identified the +9 shortbow "Raol" {venom, Int+5}
 10690 | D:11     | Noticed a tengu warrior
 10694 | D:11     | Reached skill level 8 in Axes
 10701 | D:11     | Killed a tengu warrior
 11032 | D:11     | Reached skill level 9 in Axes
 11133 | D:11     | Learned a level 2 spell: Poisonous Vapours
 11138 | D:11     | Noticed Urug
 11155 | D:11     | Killed Urug
 11298 | D:11     | Identified the +2 mace "Rodal" {vorpal, Int+2}
 11389 | D:11     | Noticed a skeletal warrior
 11389 | D:11     | Noticed a skeletal warrior
 11389 | D:11     | Noticed a skeletal warrior
 11391 | D:11     | Noticed a skeletal warrior
 11392 | D:11     | Noticed a skeletal warrior
 11672 | D:11     | Noticed a boulder beetle
 11681 | D:11     | Killed a boulder beetle
 11682 | D:11     | Reached skill level 1 in Bows
 11830 | D:11     | Killed a skeletal warrior
 11833 | D:11     | Killed a skeletal warrior
 11834 | D:11     | Reached skill level 10 in Axes
 11834 | D:11     | Reached XP level 12. HP: 16/103 MP: 12/12
 12394 | D:11     | Noticed Harold
 12403 | D:11     | Killed Harold
 12659 | D:12     | Noticed a five-headed hydra
 12665 | D:12     | Killed a seven-headed hydra
 12666 | D:12     | Reached skill level 11 in Axes
 12890 | D:12     | Noticed a two-headed ogre
 12898 | D:12     | Killed a two-headed ogre
 13187 | D:12     | Noticed a six-headed hydra
 13195 | D:12     | Killed an eight-headed hydra
 13881 | D:13     | Reached skill level 12 in Axes
 13960 | D:13     | Reached ** piety under Wu Jian
 14016 | D:13     | Reached skill level 10 in Dodging
 14083 | D:13     | Noticed a two-headed ogre
 14093 | D:13     | Killed a two-headed ogre
 14813 | D:14     | Noticed a tengu warrior
 14878 | D:13     | Killed a tengu warrior
 15040 | D:14     | Noticed a fire dragon
 15051 | D:14     | Killed a fire dragon
 15073 | D:14     | Cast into level 2 of the Abyss (a wizard)
 15118 | Abyss:2  | Slain by a large abomination

Illustrated notes

Levels and vault maps discovered:
D:1:      dpeg_arrival_boxes_within_box, layout_loops_corners
D:2:      layout_rooms, dreamdust_ecumenical_altar_angels_and_demons,
          uniq_jessica, uniq_natasha
D:3:      layout_loops_cross, beargit_hepliaklqana_dungeon_heroes,
          moated_statue, hangedman_decor_riveting
D:4:      layout_basic, ashenzari_conservatory_becter, minmay_fire_ice_demons,
          uniq_robin
D:5:      layout_basic, serial_shops, shop, corexii_checkpoint_a
D:6:      layout_rooms, nicolae_gozag_seed_capital,
          minmay_temple_entry_large_hall, serial_shops, shop, uniq_grinder
D:7:      layout_loops_ring, lemuel_coloured_pillars_altar, tso_oasis_becter,
          serial_shops, nicolae_diamond_shop, minmay_strange_pillars,
          hangedman_decor_peaks_small
D:8:      layout_cave_pods, dpeg_oklobed_lair, serial_shops,
          kennysheep_mini_moat
D:9:      layout_cave_pods, doesnt_xom_only_xom, amcnicky_altar_gilded,
          orc_0_dummy, serial_shops, shop, grunt_decor_junction,
          kb_lookout_dungeons_type
D:10:     layout_irregular_city, nicolae_yredelemnul_corpse_copse, hive_lemuel,
          uniq_amaemon
D:11:     layout_roguey, minmay_misc_feat_hallway, uniq_harold, uniq_urug
D:12:     layout_stronghold, fake_guardian_serpent_vault
D:13:     layout_rooms
D:14:     layout_rooms, lightli_vaults_fourway_checkpoint, serial_glass,
          glass_columns_a, glass_columns_a, glass_columns_a, glass_columns_b
Temple:   minmay_temple_curvy_branch
Abyss:2:  base: D:1, bh_abyss_negative

Skill      XL: |  1  2  3  4  5  6  7  8  9 10 11 12 |
---------------+-------------------------------------+-----
Dodging        | 3 4 5 6 7 8 9 10 | 10.2
Short Blades   | 1 2 3 4 6 7 8 |  8.2
Fighting       | 4 5 6 7 8 9 |  9.7
Stealth        | 1 2 3 4 5 6 |  6.1
Shields        | 4 5 6 |  6.9
Axes           | 5 10 12 | 12.8
Bows           | 1 |  1.3
Long Blades    | |  2.2
Throwing       | |  0.2

Action                   |  1- 3 |  4- 6 |  7- 9 | 10-12 || total
-------------------------+-------+-------+-------+-------++-------
Melee: Dagger            |    98 |   222 |   367 |    45 ||   732
       Tailslap          |    13 |    17 |    69 |    53 ||   152
       Battleaxe         |       |       |       |   256 ||   256
 Fire: Shortbow          |       |       |       |     3 ||     3
Throw: Dart              |       |       |       |     2 ||     2
Invok: Lunge             |       |       |       |    15 ||    15
       Whirlwind         |       |       |       |     7 ||     7
 Abil: Breathe Steam     |       |       |    15 |    32 ||    47
  Use: Scroll            |     4 |     4 |     9 |     9 ||    26
       Potion            |       |     1 |     2 |     3 ||     6
 Stab: Sleeping          |     1 |     1 |     5 |     7 ||    14
Armor: Skin              |    33 |    85 |    96 |   113 ||   327
Dodge: Dodged            |    59 |   130 |   185 |   331 ||   705
Block: Buckler           |    19 |    46 |    65 |    10 ||   140
       Rpst.: Dagger     |       |       |    56 |    10 ||    66
       Battleaxe         |       |       |       |    60 ||    60

Table legend: (Time is in decaauts)
 A = Elapsed time spent in this place.
 B = Non-inter-level travel time spent in this place.
 C = Inter-level travel time spent in this place.
 D = Time resting spent in this place.
 E = Time spent auto-exploring this place.
 F = Levels seen in this place.
 G = Mean time per level.
                   A        B        C        D        E       F      G
               +--------+--------+--------+--------+--------+-----+--------+
         Total |  15066 |  14680 |    386 |   1117 |   9109 |  16 |  941.6 |
       Dungeon |  14722 |  14336 |    386 |   1117 |   8865 |  14 | 1051.6 |
        Temple |    298 |    298 |      0 |      0 |    244 |   1 |  298.0 |
         Abyss |     45 |     45 |      0 |      0 |      0 |   1 |   45.0 |
               +--------+--------+--------+--------+--------+-----+--------+

Top non-repeatable levels by time:
    D:11: 1933 daAuts
     D:9: 1744 daAuts
    D:10: 1440 daAuts
     D:4: 1397 daAuts
    D:12: 1250 daAuts
     D:1: 1107 daAuts
    D:13: 1067 daAuts
     D:5: 1021 daAuts
     D:8: 915 daAuts
     D:3: 824 daAuts
     D:7: 755 daAuts
     D:6: 585 daAuts
     D:2: 512 daAuts
  Temple: 298 daAuts
    D:14: 166 daAuts
